 Dungeon Crawl Stone Soup version 0.30.1-10-g1249ef9ec4 (webtiles) character file.

Game seed: 11947355219952674651

5506 monsoonserge the Skirmisher (level 10, 0/52 (53) HPs)
             Began as a Spriggan Hunter on Oct 27, 2023.
             Was a High Priest of Okawaru.
             Slain by a wight
             ... wielding a +0 spear
              (10 damage)
             ... on level 7 of the Dungeon.
             The game lasted 00:25:37 (9246 turns).

monsoonserge the Skirmisher (Spriggan Hunter)       Turns: 9246, Time: 00:25:38

HP:   0/52 (53)     AC:  5    Str:  7    XL:     10   Next: 42%
MP:   14/14         EV: 21    Int: 11    God:    Okawaru [*****.]
Gold: 420           SH:  0    Dex: 23    Spells: 9/9 levels left

rFire   . . .        a - +0 shortbow
rCold   . . .        (shield currently unavailable)
rNeg    . . .        l - +2 robe {Will+}
rPois   .            (helmet restricted)
rElec   .            h - +0 cloak
rCorr   .            (gloves unavailable)
SInv    +            (boots unavailable)
Will    ++...        s - amulet of faith
Stlth   ++++         (no ring)
HPRegen 0.28/turn    (no ring)
MPRegen 0.14/turn

%: faith
@: lightly drained, very quick
A: very small, no large weapons, unfitting armour, see invisible, speed 3
a: Renounce Religion, Heroism, Finesse, Duel


You were on level 7 of the Dungeon.
You worshipped Okawaru.
Okawaru was extremely pleased with you.
You visited 2 branches of the dungeon, and saw 11 of its levels.
You also visited: Bailey.

You collected 500 gold pieces.
You spent 80 gold pieces at shops.

Inventory:

Hand Weapons
 a - a +0 shortbow (weapon)
Missiles
 p - 6 curare-tipped darts
Armour
 h - a +0 cloak (worn)
 l - a +2 robe of willpower (worn)
Jewellery
 s - an amulet of faith (around neck)
Wands
 t - a wand of paralysis (13)
 G - a wand of flame (22)
Scrolls
 b - a scroll of immolation
 c - a scroll of brand weapon
 d - a scroll of silence {unknown}
 f - a scroll of vulnerability
 g - a scroll of fear
 q - 3 scrolls of fog
 r - 2 scrolls of amnesia {unknown}
 u - a scroll of magic mapping {unknown}
 w - 4 scrolls of enchant armour
 y - 2 scrolls of teleportation
 A - a scroll of torment {unknown}
 D - 2 scrolls of butterflies {unknown}
 E - a scroll of enchant weapon {unknown}
 F - a scroll of acquirement
Potions
 e - 2 potions of flight
 i - 2 potions of magic {unknown}
 j - 2 potions of might {unknown}
 k - 5 potions of curing
 m - 2 potions of brilliance {unknown}
 n - 2 potions of heal wounds {unknown}
 o - 3 potions of degeneration {unknown}
 v - a potion of lignification {unknown}
 x - 3 potions of invisibility {unknown}
 z - 2 potions of mutation {unknown}
 B - a potion of haste {unknown}
 C - 2 potions of ambrosia {unknown}


   Skills:
 + Level 5.8 Fighting
 + Level 12.8 Ranged Weapons
 + Level 5.3 Dodging
 + Level 5.9 Stealth
 * Level 4.5 Invocations


You had 9 spell levels left.
You didn't know any spells.
Your spell library was empty.

Dungeon Overview and Level Annotations

Branches:
Dungeon (10/15)            Temple (1/1) D:5          Bailey (visited)
   Lair: D:8-11         Orc: D:9-12

Altars:
Ashenzari
Cheibriados
Dithmenos
Elyvilon
Fedhas
Gozag
Hepliaklqana
Kikubaaqudgha
Makhleb
Nemelex Xobeh
Okawaru
Qazlal
Ru
Sif Muna
Trog
Uskayaw
Vehumet
Wu Jian
Xom
Yredelemnul
Zin
The Shining One

Shops:
D:5 ?

Annotations:
D:2 1 runed translucent door, Crazy Yiuf
D:6 1 runed translucent door


Innate Abilities, Weirdness & Mutations

You are very small and have problems with some larger weapons.
You are too small for most types of armour.
You have supernaturally acute eyesight. (SInv)
You cover ground extremely quickly. (Speed+++)


Message History

You shoot an arrow.
The arrow hits the wight but does no damage.
Unknown command.
Fire: a) +0 shortbow
Press: ? - help, Q - select action, (/) - cycle Shift-Dir - straight line, f/p - wight
Aim: a wight, wielding a +5 mace of freezing and wearing a +0 robe (71% to hit)
You shoot an arrow. The arrow hits the wight.
The wight is lightly damaged.
The wight hits you with a +5 mace of freezing.
The wight freezes you.
Fire: a) +0 shortbow
Press: ? - help, Q - select action, (/) - cycle Shift-Dir - straight line, f/p - wight
Aim: a wight, wielding a +5 mace of freezing and wearing a +0 robe (lightly damaged, 71% to hit)
You shoot an arrow. The arrow closely misses the wight.
The wight misses you.
Fire: a) +0 shortbow
Press: ? - help, Q - select action, (/) - cycle Shift-Dir - straight line, f/p - wight
Aim: a wight, wielding a +5 mace of freezing and wearing a +0 robe (lightly damaged, 71% to hit)
You shoot an arrow. The arrow closely misses the wight.
The wight barely misses you.
Fire: a) +0 shortbow
Press: ? - help, Q - select action, (/) - cycle Shift-Dir - straight line, f/p - wight
Aim: a wight, wielding a +5 mace of freezing and wearing a +0 robe (lightly damaged, 71% to hit)
You shoot an arrow. The arrow hits the wight!
The wight is severely damaged.
The wight hits you with a +5 mace of freezing!
The wight freezes you.
Fire: a) +0 shortbow
Press: ? - help, Q - select action, (/) - cycle Shift-Dir - straight line, f/p - wight
Aim: a wight, wielding a +5 mace of freezing and wearing a +0 robe (severely damaged, 71% to hit)
You shoot an arrow. The arrow hits the wight.
The wight is almost destroyed.
The jelly closely misses you. The jelly barely misses you.
The wight hits you with a +3 scimitar.
You feel drained.
A wight comes into view. It is wielding a +0 spear.
The wight hits you with a +3 scimitar!
* * * LOW HITPOINT WARNING * * *
The wight hits you with a +0 spear!
You die...

.##### #.....#######.##..#####.#
.## ###.### #.###...#...# ..# #.#
#.......#.### .[# #.#
#######...### ..# #.# ####.....
..# #.### ########........
.>###### ##...## #.....##.##.##.#
.......###.....###.....##.##....#
..............zz@.J.z..##.##....#
.......###.....###z....##.##..#.#
..###### ##...## #.....##........
..# ###.# ###########..... ..#
#.# ##.### ..# ####.### #.# [.#
#......######### #.# .##
#.##.....).....# #.# .#
#.##........##.#####.#


You could see a jelly and 4 wights.

Vanquished Creatures
  An orc warlord (Bailey)
  An orc knight (Bailey)
  Pikel (D:5)
  Eustachio (D:4)
  A wyvern (D:5)
  A steam dragon (D:8)
  A sky beast (D:7)
  3 black bears
  12 orc warriors (Bailey)
  3 ogres
  4 centaurs
  A phantom (D:4)
  2 lemures (D:5)
  A bullfrog (D:6)
  A scorpion (D:5)
  4 wights
  3 jellies
  A howler monkey (D:6)
  2 orc priests (D:6)
  6 hounds
  3 iguanas
  A sleepcap (D:8)
  Natasha (thrice) (D:2)
  An orc wizard (D:3)
  15 gnolls
  8 adders
  2 ufetubi
  4 dart slugs
  22 orcs
  7 ball pythons
  8 endoplasms
  4 giant cockroaches
  18 goblins
  11 hobgoblins
  5 jackals
  6 quokkas
  6 bats
  2 frilled lizards
  5 kobolds
  3 rats
184 creatures vanquished.

Notes
Turn   | Place    | Note
-------+----------+-------------------------------------------
     0 | D:1      | monsoonserge the Spriggan Hunter began the quest for the
                  | Orb.
     0 | D:1      | Reached XP level 1. HP: 10/10 MP: 2/2
   314 | D:1      | Reached XP level 2. HP: 15/15 MP: 3/3
   642 | D:1      | Found a faded altar of an unknown god.
   844 | D:2      | Found a shimmering altar of Xom.
   855 | D:2      | Reached XP level 3. HP: 18/18 MP: 4/4
   983 | D:2      | Noticed Natasha
   986 | D:2      | Killed Natasha
   987 | D:2      | Reached skill level 5 in Ranged Weapons
  1116 | D:2      | Noticed Natasha
  1125 | D:2      | Reached XP level 4. HP: 9/23 MP: 5/5
  1244 | D:2      | Killed Natasha
  1324 | D:2      | Noticed Natasha
  1331 | D:2      | Killed Natasha
  1576 | D:2      | Found a runed translucent door.
  1577 | D:2      | Noticed Crazy Yiuf
  1854 | D:3      | Reached XP level 5. HP: 26/26 MP: 6/6
  1908 | D:3      | Reached skill level 6 in Ranged Weapons
  2418 | D:3      | Found a sparkling altar of Nemelex Xobeh.
  2965 | D:3      | Reached XP level 6. HP: 7/32 MP: 7/7
  3169 | D:4      | Noticed a wyvern
  3474 | D:4      | Reached skill level 7 in Ranged Weapons
  3735 | D:4      | Noticed Eustachio
  3761 | D:4      | Killed Eustachio
  3762 | D:4      | Reached XP level 7. HP: 22/36 MP: 8/8
  3958 | D:5      | Entered Level 5 of the Dungeon
  3971 | D:5      | Found a staircase to the Ecumenical Temple.
  3980 | Temple   | Entered the Ecumenical Temple
  4175 | Temple   | Became a worshipper of Warmaster Okawaru
  4298 | D:5      | Reached skill level 8 in Ranged Weapons
  4569 | D:5      | Reached * piety under Okawaru
  4570 | D:5      | Reached skill level 1 in Invocations
  4620 | D:5      | Found Wuuju's Magic Scroll Emporium.
  4629 | D:5      | Bought a scroll of noise for 10 gold pieces
  4629 | D:5      | Bought a scroll of teleportation for 30 gold pieces
  4629 | D:5      | Bought a scroll of fear for 40 gold pieces
  4681 | D:5      | Reached XP level 8. HP: 31/40 MP: 9/9
  5055 | D:5      | Noticed Pikel
  5182 | D:5      | Killed Pikel
  5182 | D:5      | Reached ** piety under Okawaru
  5183 | D:5      | Reached skill level 9 in Ranged Weapons
  5726 | D:5      | Reached skill level 10 in Ranged Weapons
  5927 | D:6      | Found a runed translucent door.
  5933 | D:6      | Found a basalt altar of Yredelemnul.
  6044 | D:6      | Reached XP level 9. HP: 46/46 MP: 12/12
  6130 | D:6      | Reached *** piety under Okawaru
  6132 | D:6      | Reached skill level 5 in Dodging
  6533 | D:7      | You fall into a shaft and drop 3 floors!
  6533 | D:10     | Entered Level 10 of the Dungeon
  6587 | D:10     | Noticed a troll
  6631 | D:9      | Found a radiant altar of Vehumet.
  6693 | D:7      | Found a flagged portal.
  6751 | Bailey   | Entered a bailey
  7069 | Bailey   | Reached skill level 11 in Ranged Weapons
  7316 | Bailey   | Reached **** piety under Okawaru
  7487 | Bailey   | Reached skill level 5 in Fighting
  7751 | Bailey   | Reached skill level 5 in Stealth
  8010 | Bailey   | Identified the +0 plate armour of Immorality {rN+}
  8115 | Bailey   | Reached ***** piety under Okawaru
  8143 | Bailey   | Noticed an orc warlord
  8175 | Bailey   | Noticed an orc knight
  8210 | Bailey   | Killed an orc knight
  8211 | Bailey   | Reached skill level 12 in Ranged Weapons
  8211 | Bailey   | Reached XP level 10. HP: 51/51 MP: 13/13
  8731 | Bailey   | Killed an orc warlord
  9246 | D:7      | Slain by a wight

Illustrated notes

Levels and vault maps discovered:
D:1:      tarquinn_simple_flora_water_d, layout_loops_corners,
          shapermc_ecumenical_altar_acropolis
D:2:      layout_loops_ring, basic_altar, minmay_pentomino_r4,
          uniq_crazy_yiuf_cottage, uniq_natasha
D:3:      layout_basic, lemuel_coloured_pillars_altar
D:4:      layout_gridville, uniq_eustachio
D:5:      layout_basic, minmay_temple_entry_arrows, serial_shops, shop,
          serial_rivers, chequers_serial_rivers_small_b,
          chequers_serial_rivers_large_a, chequers_serial_rivers_micro_a,
          chequers_serial_rivers_micro_c, uniq_pikel
D:6:      layout_cave_pools, dk_yredelemnul_ordeal, nrook_loot_triangle,
          kennysheep_dice
D:7:      layout_loops_cross, enter_bailey_5
D:8:      minmay_distorted_concentric_squares, layout_rooms,
          serial_co_window_serial, co_window_cross_1, co_window_corner_a,
          co_window_corner_a, co_window_of_opportunity_a, co_window_corner_a,
          co_window_unsneaky_path_d, co_window_unsneaky_path_e,
          co_window_unsneaky_path_d, co_window_broadway_b, co_window_paths_e,
          glass_columns_b, glass_columns_a, glass_columns_b, glass_columns_b,
          glass_columns_a
D:9:      layout_irregular_city, nicolae_vehumet_radiance,
          minmay_orc_entry_temple_small, gammafunk_ghost_cemetery
D:10:     layout_rooms, erik_lair_orcish_takeover, uniq_fannar
Temple:   compressed_dpeg_triangle_lava_temple

Skill      XL: |  1  2  3  4  5  6  7  8  9 10 |
---------------+-------------------------------+-----
Ranged Weapons | 5 6 7 8 10 12 | 12.8
Dodging        | 3 4 5 |  5.3
Fighting       | 2 3 4 5 |  5.8
Stealth        | 2 5 |  5.9
Invocations    | 1 3 4 |  4.5

Action                     |  1- 3 |  4- 6 |  7- 9 | 10-12 || total
---------------------------+-------+-------+-------+-------++-------
   Fire: Shortbow          |    79 |   169 |   551 |   188 ||   987
 Invoke: Heroism           |       |       |     1 |     1 ||     2
    Use: Scroll            |       |       |     6 |     1 ||     7
         Potion            |       |       |     1 |       ||     1
 Armour: Robe              |     5 |     8 |     8 |       ||    21
  Dodge: Dodged            |    37 |    64 |   138 |    20 ||   259
